General information
- name: BNet
- type: Ladder team game (AT/RT)
- host: Battle.net
- saver: Scumdawg6969
map: Friends
- players: 8
- length: 74:56
- speed: Fast
- version: 1.29 W3XP
- replay type: Public
» download(622 KB)
Players
team 1 (winner)
GoSu- (
green | 47 APM | 1439 actions | 30:17)
5 Death Knight
3 Death Coil
2 Unholy Aura
3 Lich
2 Frost Nova
1 Frost Armor
3 Crypt Lord
2 Impale
1 Spiked Carapace
» actions
| Assign group hotkey | 68 | |
| Build / train | 59 | |
| Enter build submenu | 23 | |
| Enter hero's abilities submenu | 11 | |
| Give item / drop item | 3 | |
| Remove unit from queue | 2 | |
| Right click | 840 | |
| Select / deselect | 307 | |
| Select group hotkey | 47 | |
| Use ability | 79 | |
1439 total
» units
| Acolyte | 3 | |
| Ghoul | 5 | |
| Crypt Fiend | 8 | |
| Frost Wyrm | 5 | |
21 total
» upgrades
| Creature Attack | 2 | |
| Web | 1 | |
| Cannibalize | 0 | |
| Freezing Breath | 1 | |
| Creature Carapace | 1 | |
5 total
» buildings
| Graveyard | 1 | |
| Crypt | 1 | |
| Altar of Darkness | 1 | |
| Ziggurat | 8 | |
| Tomb of Relics | 2 | |
| Nerubian Tower | 2 | |
| Halls of the Dead | 1 | |
| Spirit Tower | 2 | |
| Black Citadel | 1 | |
| Sacrificial Pit | 1 | |
| Boneyard | 2 | |
22 total
» build order
00:24 Graveyard
00:36 Crypt
00:57 Altar of Darkness
01:13 Ziggurat
01:16 Ziggurat
02:26 Tomb of Relics
02:36 Nerubian Tower
05:32 Halls of the Dead
05:37 Ziggurat
05:39 Ziggurat
06:04 Tomb of Relics
06:53 Spirit Tower
07:23 Ziggurat
08:37 Nerubian Tower
09:51 Black Citadel
10:14 Sacrificial Pit
11:33 Ziggurat
11:39 Ziggurat
13:06 Boneyard
13:10 Boneyard
19:24 Spirit Tower
28:16 Ziggurat
» items
| Scroll of Town Portal | 3 | |
| Potion of Healing | 5 | |
| Scroll of Healing | 1 | |
| Orb of Fire | 1 | |
10 total
28382482148 (
blue | 61 APM | 4566 actions | 74:56)
6 Archmage
2 Summon Water Elemental
1 Brilliance Aura
2 Blizzard
1 Mass Teleport
5 Blood Mage
3 Flame Strike
2 Siphon Mana
5 Pit Lord
3 Rain of Fire
1 Cleaving Attack
1 Howl of Terror
» actions
| Assign group hotkey | 76 | |
| Basic commands | 93 | |
| Build / train | 190 | |
| ESC pressed | 8 | |
| Enter build submenu | 69 | |
| Enter hero's abilities submenu | 17 | |
| Give item / drop item | 9 | |
| Right click | 1936 | |
| Select / deselect | 775 | |
| Select group hotkey | 1045 | |
| Use ability | 346 | |
4566 total
» units
| Peasant | 15 | |
| Footman | 6 | |
| Rifleman | 6 | |
| Goblin Shredder | 2 | |
| Goblin Zeppelin | 5 | |
| Sorceress | 2 | |
| Gryphon Rider | 5 | |
41 total
» upgrades
| Gunpowder | 3 | |
| Masonry | 3 | |
| Armor | 5 | |
| Long Rifles | 2 | |
| Swords | 4 | |
| Priest Training | 3 | |
| Sorceress Training | 2 | |
| Plating | 2 | |
| Storm Hammers | 1 | |
| Cloud | 1 | |
| Magic Sentry | 1 | |
27 total
» buildings
| Altar of Kings | 3 | |
| Barracks | 1 | |
| Farm | 15 | |
| Lumber Mill | 1 | |
| Blacksmith | 1 | |
| Arcane Vault | 2 | |
| Keep | 4 | |
| Scout Tower | 52 | |
| Arcane Tower | 2 | |
| Castle | 2 | |
| Guard Tower | 42 | |
| Town Hall | 2 | |
| Arcane Sanctum | 2 | |
| Gryphon Aviary | 4 | |
133 total
» build order
00:54 Altar of Kings
00:55 Barracks
00:57 Altar of Kings
00:59 Farm
01:05 Farm
01:18 Lumber Mill
01:28 Farm
02:03 Farm
02:31 Blacksmith
02:56 Arcane Vault
03:47 Keep
03:47 Keep
04:58 Farm
05:02 Farm
05:19 Scout Tower
05:21 Scout Tower
06:20 Arcane Tower
06:52 Castle
07:15 Guard Tower
08:48 Farm
13:08 Town Hall
13:11 Farm
13:12 Farm
13:13 Farm
13:16 Scout Tower
13:20 Scout Tower
13:21 Scout Tower
13:23 Scout Tower
13:25 Scout Tower
13:26 Scout Tower
13:26 Scout Tower
13:27 Scout Tower
13:46 Arcane Tower
14:04 Scout Tower
14:05 Scout Tower
14:07 Scout Tower
14:08 Scout Tower
14:10 Scout Tower
14:11 Scout Tower
14:12 Scout Tower
14:14 Scout Tower
14:14 Scout Tower
14:33 Guard Tower
14:37 Guard Tower
15:24 Guard Tower
15:24 Guard Tower
16:06 Guard Tower
16:06 Guard Tower
16:14 Guard Tower
16:14 Guard Tower
17:34 Arcane Sanctum
17:34 Arcane Sanctum
19:12 Town Hall
19:13 Scout Tower
19:14 Scout Tower
19:14 Scout Tower
19:15 Scout Tower
19:16 Scout Tower
19:17 Scout Tower
20:01 Scout Tower
20:02 Scout Tower
20:06 Guard Tower
20:06 Guard Tower
20:12 Guard Tower
20:13 Guard Tower
20:15 Guard Tower
20:15 Guard Tower
20:15 Guard Tower
20:15 Guard Tower
20:21 Scout Tower
20:22 Scout Tower
20:22 Scout Tower
20:24 Scout Tower
20:38 Guard Tower
20:38 Guard Tower
20:51 Guard Tower
20:51 Guard Tower
20:52 Guard Tower
20:52 Guard Tower
21:26 Gryphon Aviary
21:28 Gryphon Aviary
21:29 Gryphon Aviary
21:30 Gryphon Aviary
21:33 Farm
22:07 Scout Tower
22:08 Scout Tower
22:16 Scout Tower
22:17 Scout Tower
22:36 Guard Tower
24:35 Guard Tower
24:35 Guard Tower
24:45 Guard Tower
24:46 Guard Tower
24:49 Scout Tower
24:51 Scout Tower
24:52 Scout Tower
24:53 Scout Tower
24:53 Scout Tower
24:55 Scout Tower
24:56 Scout Tower
24:57 Scout Tower
24:59 Scout Tower
24:59 Scout Tower
25:00 Scout Tower
26:57 Guard Tower
26:57 Guard Tower
26:59 Guard Tower
26:59 Guard Tower
26:59 Guard Tower
27:55 Guard Tower
27:55 Guard Tower
28:43 Guard Tower
28:43 Guard Tower
29:20 Keep
33:06 Altar of Kings
33:50 Scout Tower
33:50 Scout Tower
33:51 Scout Tower
33:52 Scout Tower
34:57 Guard Tower
34:57 Guard Tower
35:00 Guard Tower
35:00 Guard Tower
35:00 Guard Tower
35:01 Scout Tower
35:09 Scout Tower
35:34 Castle
35:43 Keep
37:44 Arcane Vault
47:19 Farm
47:21 Farm
47:23 Farm
47:24 Farm
» items
| Scroll of Regeneration | 8 | |
| Mechanical Critter | 4 | |
| Sobi Mask | 2 | |
| Orb of Corruption | 1 | |
| Scroll of Town Portal | 5 | |
| Staff of Sanctuary | 2 | |
| Potion of Healing | 7 | |
| Belt of Giant Strength +6 | 1 | |
| Potion of Mana | 2 | |
| Lesser Clarity Potion | 5 | |
| Robe of the Magi +6 | 1 | |
| Runed Bracers | 1 | |
| Potion of Divinity | 2 | |
| Orb of Fire | 1 | |
| Mana Stone | 1 | |
43 total
bastosai (
teal | 120 APM | 3622 actions | 30:03)
5 Blood Mage
2 Siphon Mana
3 Flame Strike
» actions
| Assign group hotkey | 39 | |
| Basic commands | 517 | |
| Build / train | 99 | |
| ESC pressed | 3 | |
| Enter build submenu | 37 | |
| Enter hero's abilities submenu | 5 | |
| Right click | 1098 | |
| Select / deselect | 1092 | |
| Select group hotkey | 600 | |
| Use ability | 132 | |
3622 total
» units
| Peasant | 18 | |
| Footman | 12 | |
| Priest | 8 | |
| Rifleman | 10 | |
| Sorceress | 8 | |
56 total
» upgrades
| Sorceress Training | 2 | |
| Gunpowder | 3 | |
| Armor | 3 | |
| Priest Training | 2 | |
| Masonry | 1 | |
| Lumber Harvesting | 2 | |
13 total
» buildings
| Barracks | 2 | |
| Altar of Kings | 2 | |
| Farm | 9 | |
| Scout Tower | 14 | |
| Arcane Tower | 2 | |
| Keep | 2 | |
| Arcane Vault | 1 | |
| Lumber Mill | 1 | |
| Arcane Sanctum | 2 | |
| Blacksmith | 2 | |
| Town Hall | 2 | |
| Guard Tower | 8 | |
| Castle | 2 | |
49 total
» build order
00:33 Barracks
00:35 Altar of Kings
00:36 Altar of Kings
00:47 Farm
01:04 Farm
01:15 Scout Tower
01:57 Barracks
02:36 Arcane Tower
03:34 Farm
03:35 Scout Tower
03:45 Keep
03:45 Keep
03:57 Farm
04:04 Arcane Tower
05:46 Arcane Vault
05:53 Lumber Mill
07:46 Arcane Sanctum
07:46 Arcane Sanctum
08:08 Farm
08:08 Farm
09:34 Blacksmith
09:34 Blacksmith
11:27 Town Hall
11:33 Scout Tower
11:34 Scout Tower
11:35 Scout Tower
11:35 Scout Tower
11:37 Scout Tower
11:37 Scout Tower
11:38 Scout Tower
12:04 Guard Tower
12:21 Guard Tower
12:45 Guard Tower
12:48 Scout Tower
12:49 Scout Tower
13:02 Guard Tower
13:35 Guard Tower
13:38 Scout Tower
13:39 Scout Tower
14:12 Castle
14:12 Castle
18:04 Guard Tower
18:04 Guard Tower
20:05 Farm
20:06 Farm
20:07 Farm
21:33 Scout Tower
22:23 Guard Tower
28:43 Town Hall
» items
| Scroll of Town Portal | 2 | |
| Potion of Healing | 2 | |
4 total
Zinroth (
orange | 27 APM | 1186 actions | 44:33)
6 Paladin
2 Holy Light
3 Devotion Aura
1 Resurrection
» actions
| Assign group hotkey | 21 | |
| Basic commands | 7 | |
| Build / train | 90 | |
| Enter build submenu | 40 | |
| Enter hero's abilities submenu | 7 | |
| Remove unit from queue | 1 | |
| Right click | 386 | |
| Select / deselect | 506 | |
| Select group hotkey | 61 | |
| Use ability | 67 | |
1186 total
» units
| Peasant | 13 | |
| Footman | 6 | |
| Rifleman | 6 | |
| Forest Troll Shadow Priest | 2 | |
| Mortar Team | 14 | |
| Sorceress | 8 | |
| Priest | 5 | |
| Acolyte | 2 | |
| Frost Wyrm | 1 | |
| Crypt Fiend | 6 | |
63 total
» upgrades
| Masonry | 1 | |
| Gunpowder | 3 | |
| Armor | 2 | |
| Long Rifles | 1 | |
| Sorceress Training | 2 | |
| Priest Training | 2 | |
| Lumber Harvesting | 1 | |
| Fragmentation Shards | 1 | |
13 total
» buildings
| Altar of Kings | 1 | |
| Farm | 14 | |
| Barracks | 2 | |
| Lumber Mill | 1 | |
| Blacksmith | 1 | |
| Keep | 1 | |
| Arcane Sanctum | 2 | |
| Workshop | 2 | |
| Castle | 1 | |
| Town Hall | 1 | |
| Ziggurat | 6 | |
| Necropolis | 1 | |
| Crypt | 2 | |
| Graveyard | 1 | |
| Halls of the Dead | 1 | |
| Gryphon Aviary | 1 | |
38 total
» build order
00:24 Altar of Kings
00:40 Farm
00:55 Barracks
01:22 Lumber Mill
01:28 Farm
02:27 Farm
03:00 Blacksmith
03:21 Farm
03:52 Keep
04:21 Farm
05:19 Farm
05:23 Barracks
05:56 Farm
06:14 Arcane Sanctum
06:18 Arcane Sanctum
06:41 Farm
06:49 Workshop
08:25 Castle
10:33 Workshop
11:48 Farm
12:52 Farm
13:43 Farm
15:16 Farm
15:59 Farm
17:45 Farm
30:25 Town Hall
31:53 Ziggurat
31:55 Ziggurat
33:24 Necropolis
35:46 Crypt
35:49 Crypt
36:31 Ziggurat
36:34 Ziggurat
36:38 Graveyard
38:52 Ziggurat
39:00 Ziggurat
39:06 Halls of the Dead
40:00 Gryphon Aviary
» items
team 2 (loser)
ISuk (
purple | 41 APM | 1917 actions | 47:16)
4 Blademaster
1 Wind Walk
2 Critical Strike
1 Mirror Image
5 Shadow Hunter
1 Hex
3 Healing Wave
1 Serpent Ward
» actions
| Assign group hotkey | 19 | |
| Basic commands | 1 | |
| Build / train | 83 | |
| Enter build submenu | 15 | |
| Enter hero's abilities submenu | 16 | |
| Give item / drop item | 4 | |
| Right click | 818 | |
| Select / deselect | 401 | |
| Select group hotkey | 347 | |
| Use ability | 213 | |
1917 total
» units
| Peon | 9 | |
| Shaman | 10 | |
| Tauren | 9 | |
| Troll Witch Doctor | 3 | |
31 total
» upgrades
| Spiked Barricades | 2 | |
| Shaman Training | 2 | |
| Pulverize | 1 | |
| Reinforced Defenses | 1 | |
| Witch Doctor Training | 2 | |
8 total
» buildings
| Altar of Storms | 1 | |
| Orc Burrow | 6 | |
| War Mill | 1 | |
| Watch Tower | 2 | |
| Voodoo Lounge | 1 | |
| Stronghold | 2 | |
| Spirit Lodge | 1 | |
| Fortress | 1 | |
| Tauren Totem | 3 | |
18 total
» build order
00:11 Altar of Storms
00:17 Orc Burrow
00:52 War Mill
02:07 Watch Tower
02:22 Voodoo Lounge
03:21 Stronghold
03:21 Stronghold
03:34 Orc Burrow
04:16 Watch Tower
05:52 Spirit Lodge
05:56 Fortress
08:21 Tauren Totem
08:24 Tauren Totem
08:57 Tauren Totem
09:13 Orc Burrow
10:30 Orc Burrow
13:02 Orc Burrow
13:59 Orc Burrow
» items
| Lesser Clarity Potion | 7 | |
| Scroll of Speed | 1 | |
| Healing Salve | 4 | |
| Potion of Healing | 3 | |
| Scroll of Town Portal | 3 | |
| Orb of Lightning | 1 | |
| Scroll of Regeneration | 2 | |
21 total
Scumdawg6969 (
pink | 46 APM | 3470 actions | 74:56)
10 Archmage
3 Summon Water Elemental
3 Brilliance Aura
1 Mass Teleport
3 Blizzard
» actions
| Assign group hotkey | 39 | |
| Basic commands | 200 | |
| Build / train | 152 | |
| Enter build submenu | 64 | |
| Enter hero's abilities submenu | 10 | |
| Give item / drop item | 11 | |
| Remove unit from queue | 4 | |
| Right click | 1237 | |
| Select / deselect | 748 | |
| Select group hotkey | 684 | |
| Use ability | 321 | |
3470 total
» units
| Peasant | 46 | |
| Footman | 4 | |
| Goblin Shredder | 2 | |
| Gryphon Rider | 7 | |
| Goblin Zeppelin | 4 | |
| Goblin Sapper | 10 | |
73 total
» upgrades
| Masonry | 3 | |
| Storm Hammers | 1 | |
| Swords | 3 | |
| Armor | 3 | |
| Animal War Training | 1 | |
| Cloud | 1 | |
12 total
» buildings
| Altar of Kings | 1 | |
| Barracks | 1 | |
| Farm | 8 | |
| Lumber Mill | 1 | |
| Scout Tower | 71 | |
| Arcane Tower | 1 | |
| Keep | 1 | |
| Arcane Vault | 1 | |
| Castle | 1 | |
| Gryphon Aviary | 6 | |
| Blacksmith | 2 | |
| Guard Tower | 18 | |
| Town Hall | 8 | |
120 total
» build order
00:52 Altar of Kings
00:55 Barracks
00:59 Farm
00:59 Farm
01:05 Farm
01:07 Farm
01:20 Lumber Mill
01:58 Scout Tower
02:31 Arcane Tower
04:00 Keep
04:02 Arcane Vault
05:37 Farm
05:37 Farm
06:24 Castle
07:09 Gryphon Aviary
07:09 Gryphon Aviary
07:10 Gryphon Aviary
07:11 Gryphon Aviary
07:18 Blacksmith
07:20 Blacksmith
07:23 Farm
07:24 Farm
07:59 Scout Tower
08:00 Scout Tower
08:02 Scout Tower
09:54 Guard Tower
09:55 Guard Tower
11:18 Town Hall
12:55 Town Hall
13:59 Scout Tower
14:00 Scout Tower
14:01 Scout Tower
14:01 Scout Tower
14:03 Scout Tower
14:04 Scout Tower
14:05 Scout Tower
14:06 Scout Tower
14:06 Scout Tower
14:07 Scout Tower
14:07 Scout Tower
14:08 Scout Tower
14:08 Scout Tower
14:10 Scout Tower
14:48 Guard Tower
15:40 Guard Tower
16:24 Guard Tower
17:59 Guard Tower
18:02 Scout Tower
18:03 Scout Tower
18:04 Scout Tower
18:05 Scout Tower
18:06 Scout Tower
18:07 Scout Tower
18:31 Scout Tower
18:31 Scout Tower
18:31 Scout Tower
18:31 Scout Tower
18:32 Scout Tower
18:33 Scout Tower
18:33 Scout Tower
18:33 Scout Tower
18:34 Scout Tower
18:40 Scout Tower
18:40 Scout Tower
18:40 Scout Tower
18:40 Scout Tower
18:41 Scout Tower
18:44 Scout Tower
18:46 Scout Tower
18:46 Scout Tower
18:47 Scout Tower
18:47 Scout Tower
18:48 Scout Tower
19:09 Guard Tower
19:11 Guard Tower
19:25 Scout Tower
19:26 Scout Tower
19:27 Scout Tower
19:28 Scout Tower
19:29 Scout Tower
19:29 Scout Tower
19:29 Scout Tower
19:30 Scout Tower
19:51 Guard Tower
20:27 Guard Tower
20:43 Guard Tower
21:16 Guard Tower
21:16 Guard Tower
21:43 Gryphon Aviary
21:44 Gryphon Aviary
21:55 Guard Tower
24:19 Guard Tower
31:34 Town Hall
32:18 Scout Tower
32:19 Scout Tower
32:21 Scout Tower
32:23 Scout Tower
32:23 Scout Tower
32:24 Scout Tower
32:26 Scout Tower
32:27 Scout Tower
32:29 Scout Tower
32:29 Scout Tower
32:31 Scout Tower
32:32 Scout Tower
32:32 Scout Tower
32:35 Scout Tower
32:35 Scout Tower
35:01 Town Hall
35:04 Scout Tower
35:04 Scout Tower
35:05 Scout Tower
35:05 Scout Tower
35:42 Town Hall
35:59 Guard Tower
36:08 Guard Tower
36:24 Guard Tower
37:31 Town Hall
49:10 Town Hall
49:50 Town Hall
» items
| Scroll of Regeneration | 4 | |
| Mechanical Critter | 4 | |
| Healing Salve | 2 | |
| Scroll of Town Portal | 4 | |
| Inferno Stone | 4 | |
| Ice Shard | 1 | |
| Book of the Dead | 1 | |
| Demonic Figurine | 3 | |
| Potion of Divinity | 1 | |
| Potion of Healing | 3 | |
| Staff of Sanctuary | 1 | |
| Alleria's Flute of Accuracy | 1 | |
| Ankh of Reincarnation | 1 | |
| Amulet of the Wild | 1 | |
31 total

»
I_ONLY_RANDOM (
yellow | 40 APM | 2855 actions | 72:05)
7 Archmage
3 Summon Water Elemental
3 Brilliance Aura
1 Mass Teleport
5 Mountain King
3 Storm Bolt
2 Bash
» actions
| Assign group hotkey | 30 | |
| Basic commands | 11 | |
| Build / train | 81 | |
| ESC pressed | 2 | |
| Enter build submenu | 34 | |
| Enter hero's abilities submenu | 12 | |
| Give item / drop item | 1 | |
| Right click | 1671 | |
| Select / deselect | 503 | |
| Select group hotkey | 364 | |
| Use ability | 146 | |
2855 total
» units
| Peasant | 10 | |
| Footman | 5 | |
| Rifleman | 2 | |
| Mortar Team | 16 | |
| Siege Engine | 5 | |
38 total
» upgrades
| Gunpowder | 3 | |
| Fragmentation Shards | 1 | |
| Lumber Harvesting | 1 | |
| Armor | 3 | |
| Flare | 1 | |
| Barrage | 1 | |
| Plating | 3 | |
| Backpack | 1 | |
| Masonry | 1 | |
| Animal War Training | 1 | |
16 total
» buildings
| Altar of Kings | 1 | |
| Farm | 17 | |
| Barracks | 1 | |
| Arcane Vault | 1 | |
| Lumber Mill | 3 | |
| Scout Tower | 3 | |
| Arcane Tower | 1 | |
| Keep | 1 | |
| Blacksmith | 1 | |
| Castle | 1 | |
| Workshop | 2 | |
| Town Hall | 1 | |
33 total
» build order
00:08 Altar of Kings
00:18 Farm
00:51 Barracks
00:58 Farm
01:35 Farm
01:56 Arcane Vault
02:16 Lumber Mill
02:45 Scout Tower
02:49 Scout Tower
02:51 Scout Tower
03:13 Farm
03:21 Farm
03:23 Arcane Tower
04:16 Keep
04:52 Blacksmith
06:23 Farm
06:39 Castle
07:12 Farm
07:16 Workshop
07:22 Workshop
09:14 Farm
09:32 Lumber Mill
10:57 Farm
10:57 Farm
11:41 Farm
11:42 Farm
12:21 Farm
12:24 Farm
15:30 Farm
19:10 Lumber Mill
34:29 Town Hall
41:05 Farm
41:07 Farm
» items
| Scroll of Regeneration | 4 | |
| Lesser Clarity Potion | 1 | |
| Scroll of Town Portal | 3 | |
| Orb of Fire | 1 | |
9 total
BruCE-Orc (
red | 93 APM | 6446 actions | 69:28)
6 Far Seer
3 Feral Spirit
2 Chain Lighting
1 Earth Quake
5 Shadow Hunter
2 Hex
3 Healing Wave
» actions
| Assign group hotkey | 42 | |
| Basic commands | 74 | |
| Build / train | 82 | |
| Enter build submenu | 23 | |
| Enter hero's abilities submenu | 12 | |
| Give item / drop item | 1 | |
| Remove unit from queue | 2 | |
| Right click | 3507 | |
| Select / deselect | 536 | |
| Select group hotkey | 1958 | |
| Use ability | 209 | |
6446 total
» units
| Peon | 8 | |
| Grunt | 19 | |
| Raider | 10 | |
| Demolisher | 1 | |
| Forest Troll Berserker | 1 | |
39 total
» upgrades
| Berserker Strength | 1 | |
| Pillage | 1 | |
| Armor | 2 | |
| Ensnare | 1 | |
| Melee Weapons | 2 | |
| Spiked Barricades | 2 | |
| Ranged Weapons | 0 | |
9 total
» buildings
| Altar of Storms | 1 | |
| Orc Burrow | 10 | |
| Barracks | 1 | |
| Voodoo Lounge | 2 | |
| Stronghold | 1 | |
| War Mill | 1 | |
| Beastiary | 1 | |
| Watch Tower | 2 | |
| Great Hall | 1 | |
20 total
» build order
00:07 Altar of Storms
00:20 Orc Burrow
00:35 Barracks
01:30 Orc Burrow
02:01 Voodoo Lounge
03:18 Orc Burrow
04:10 Stronghold
06:03 War Mill
06:21 Orc Burrow
06:55 Beastiary
10:04 Watch Tower
10:07 Watch Tower
12:25 Orc Burrow
20:32 Orc Burrow
23:55 Orc Burrow
23:57 Orc Burrow
24:53 Orc Burrow
24:56 Orc Burrow
37:36 Great Hall
39:20 Voodoo Lounge
» items
| Healing Salve | 9 | |
| Lesser Clarity Potion | 5 | |
| Scroll of Town Portal | 2 | |
| Scroll of Speed | 2 | |
18 total
Chat log
(00:34 / Allies) ISuk: harrash for me
(00:38 / Allies) ISuk: melee for me
(00:40 / Allies) BruCE-Orc: OK !
(08:59 / Allies) ISuk: out
(09:31 / Allies) Scumdawg6969: gold?
(15:04 / Allies) ISuk: out
(15:11 / Allies) ISuk: out
(17:03 / Allies) BruCE-Orc: co8nter
(20:40 / Allies) BruCE-Orc: move ?
(21:19 / Allies) Scumdawg6969: back
(22:24 / Allies) Scumdawg6969: repair
(22:25 / Allies) Scumdawg6969: fast
(22:43 / Allies) I_ONLY_RANDOM: rbing gryphs
(23:52 / Allies) Scumdawg6969: ounter
(24:04 / Allies) Scumdawg6969: counter
(26:28 / Allies) ISuk: gold me pls
(27:03 / Allies) ISuk: gold me for heals
(27:08 / Allies) BruCE-Orc: i dont have
(27:18 / Allies) ISuk: run
(27:25 / Allies) ISuk: run red
(31:40 / Allies) ISuk: gold pls
(35:34 / All) Scumdawg6969: BAD
(35:35 / All) Scumdawg6969: BAD
(35:37 / Allies) BruCE-Orc: can i have a bit of gold
(35:38 / All) Scumdawg6969: NAUGHTY NAUGHTY
(35:43 / Allies) BruCE-Orc: u have 13 k
(35:55 / Allies) Scumdawg6969: I haven't much to spare
(38:11 / Allies) I_ONLY_RANDOM: PINK WTF
(38:16 / Allies) I_ONLY_RANDOM: oops caps
(38:22 / Allies) ISuk: run red
(38:25 / Allies) Scumdawg6969: This base belongs to me now
(38:40 / Allies) BruCE-Orc: WTF U DOING
(38:47 / Allies) I_ONLY_RANDOM: he killing my base
(38:51 / Allies) BruCE-Orc: WHY
(38:57 / Allies) I_ONLY_RANDOM: cuz he wants to lose
(39:44 / Allies) Scumdawg6969: You are not welcome in my lands, sir
(48:09 / All) Scumdawg6969: RUN TO THE HILLS
(48:12 / All) Scumdawg6969: RUN FOR YOUR LIIIIVES
(48:44 / All) 28382482148: RUNNER RUN
(48:46 / All) 28382482148: RUNNER RUN
(50:10 / All) Scumdawg6969: Whoopsy daisy
(50:12 / All) Scumdawg6969: How'd I end up there?
(50:29 / All) BruCE-Orc: ur mom fucked a elephant
(50:40 / All) Scumdawg6969: Whose mom?
(50:42 / Allies) I_ONLY_RANDOM: meh ima just alt tab
(51:46 / All) Scumdawg6969: does reign of fire kncok down trees
(53:24 / All) Scumdawg6969: 66k
(54:43 / Allies) Scumdawg6969: Yes, and?
(54:52 / Allies) Scumdawg6969: You want me to pay tax? Pfft
(55:13 / All) Scumdawg6969: I need the Azerothian government out of my pockets
(55:17 / All) Scumdawg6969: No upkeep for me, thanks
(57:26 / All) Scumdawg6969: Nope doesn't work on trees
(57:35 / All) Scumdawg6969: that's lame
(60:06 / Allies) Scumdawg6969: If you continue your shananigans I will be forced to squelch you, dera sir
(60:17 / Allies) BruCE-Orc: why
(60:27 / Allies) Scumdawg6969: It is rather irksome, this constant pinging
(60:31 / Allies) Scumdawg6969: It's making quite the raucus
(60:49 / Allies) BruCE-Orc: u dont like my fireworks ?
(61:02 / Allies) Scumdawg6969: No sir, I decidedly do not
(64:52 / All) BruCE-Orc: damn what a fucken amazing tight game
(64:59 / All) BruCE-Orc: so intense
(66:02 / All) BruCE-Orc: gj blue ur winning
(66:44 / All) BruCE-Orc: NICE
(66:47 / All) 28382482148: ty
(66:48 / All) BruCE-Orc: BOOM
(66:49 / All) 28382482148: I worked hard for this
(67:05 / All) BruCE-Orc: KEEP IT UP
(67:11 / All) Scumdawg6969: 139k
(67:52 / All) BruCE-Orc: GJ BLUE AMAZING GJ U NOT GAY
(68:28 / All) BruCE-Orc: BEST GAME OF MY LIFE
(68:50 / All) BruCE-Orc: GIOGOGOGOGO
(68:53 / All) BruCE-Orc: AP E
(70:17 / All) Scumdawg6969: Poor soul, his mind could not wrap itself around the concept of infinite gold!
(70:31 / All) 28382482148: glad red didn't think I was a gay
(70:37 / All) 28382482148: like jacob campbell from tulare california
(71:14 / All) Scumdawg6969: Jacob Campbell, AKA FlameChamp2333 of gamefaqs from Tulares California, speculation is he's a homosexual
(71:24 / All) 28382482148: he's dating chode
(71:36 / All) Scumdawg6969: It's funny becausei t's probably true
(72:09 / All) Scumdawg6969: lawl
(72:13 / All) Scumdawg6969: final gold count was 168k
(72:25 / All) Scumdawg6969: before all players but us left
(72:37 / All) Scumdawg6969: It only counts wen there's someone held captive here
(72:59 / All) Scumdawg6969: So 168k the new record on this rendition of friends
(73:12 / All) Scumdawg6969: who should lose?
(74:15 / All) 28382482148: 4-3 oj 32-32 teal, green under 50%
(74:54 / All) Scumdawg6969: I guess my team can get a loss, they stayed all that time for a loss